 Dungeon Crawl Stone Soup version 0.29.1-2-gbd0b4ee654 (webtiles) character file.

Game seed: 7086217893497823354

3348 sizableburger the Carver (level 10, 0/71 HPs)
             Began as an Octopode Warper on Nov 25, 2022.
             Was a Believer of Okawaru.
             Slain by an orc warrior
             ... wielding a +0 broad axe
              (19 damage)
             ... in a bailey.
             The game lasted 00:17:13 (11236 turns).

sizableburger the Carver (Octopode Warper)         Turns: 11236, Time: 00:17:14

Health: 0/71       AC:  1    Str: 10    XL:     10   Next: 2%
Magic:  18/22      EV: 19    Int: 16    God:    Okawaru [**....]
Gold:   458        SH:  0    Dex: 16    Spells: 5/13 levels left

rFire   . . .      SeeInvis .   p - +2 short sword (drain)
rCold   + . .      Faith    +   (no shield)
rNeg    . . .      Spirit   .   (helmet restricted)
rPois   +          Reflect  .   d - amulet of faith
rElec   .          Harm     .   q - ring of magical power
rCorr   .          Rampage  .   h - ring of protection from cold
Will    .....                   l - ring of poison resistance
Stlth   ++++......              (no ring)
HPRegen 0.21/turn               (no ring)
MPRegen 0.18/turn               (no ring)
                                (no ring)
                                (no ring)

@: heroic
A: almost no armour, amphibious, 8 rings, camouflage 1, gelatinous body 1,
(nimble swimmer 1), tentacles
a: Renounce Religion, Heroism


You were in a bailey.
You worshipped Okawaru.
Okawaru was pleased with you.
You visited 2 branches of the dungeon, and saw 8 of its levels.
You also visited: Bailey.

You collected 458 gold pieces.

Inventory:

Hand Weapons
 a - a +0 falchion
 p - a +2 short sword of draining (weapon)
Missiles
 b - 12 boomerangs (quivered)
 c - 5 boomerangs of dispersal
Jewellery
 d - an amulet of faith (around mantle)
 h - a ring of protection from cold (right tentacle)
 l - a ring of poison resistance (on tentacle)
 q - a ring of magical power (left tentacle)
Wands
 r - a wand of roots (6)
 w - a wand of polymorph (4)
Scrolls
 m - a scroll of silence
 v - a scroll of brand weapon {unknown}
 x - 2 scrolls of teleportation
 B - 2 scrolls of fear
 C - a scroll of amnesia
Potions
 e - a potion of cancellation
 f - 2 potions of resistance
 g - a potion of attraction {unknown}
 i - a potion of experience {unknown}
 j - 8 potions of heal wounds
 k - a potion of magic {unknown}
 n - 3 potions of lignification
 o - 2 potions of curing
 s - a potion of haste {unknown}
 t - a potion of invisibility
 u - a potion of berserk rage {unknown}
 z - a potion of might {unknown}
 A - 2 potions of degeneration {unknown}


   Skills:
 + Level 7.1(12.1) Fighting
 - Level 1.6(10.4) Short Blades
 - Level 8.2(13.3) Long Blades
 + Level 1.9(6.9) Throwing
 - Level 6.7(11.7) Dodging
 - Level 2.0 Spellcasting
 - Level 6.1 Translocations
 + Level 2.4 Invocations


You had 5 spell levels left.
You knew the following spells:

 Your Spells              Type           Power      Damage    Failure   Level
a - Blink                 Tloc           42%        N/A       2%          2
b - Teleport Other        Tloc           21%        N/A       4%          3
c - Gell's Gravitas       Tloc           21%        N/A       4%          3

Your spell library contained the following spells:

 Spells                   Type           Power      Damage    Failure   Level
 Lesser Beckoning         Tloc           21%        N/A       4%          3
 Manifold Assault         Tloc           21%        N/A       43%         5


Dungeon Overview and Level Annotations

Branches:
Dungeon (7/15)             Temple (1/1) D:6          Bailey (1/1)

Altars:
Cheibriados
Dithmenos
Elyvilon
Gozag
Nemelex Xobeh
Okawaru
Ru
Sif Muna
Uskayaw
Xom
Yredelemnul
Zin
The Shining One

Annotations:
D:3 2 transporters


Innate Abilities, Weirdness & Mutations

You cannot wear most types of armour.
You are amphibious.
You can wear up to eight rings at the same time.
Your skin changes colour to match your surroundings (Stealth+).
Your rubbery body absorbs attacks. (AC +1, EV +1)
((You are camouflaged when in or above water. (Stealth+)))
You have tentacles for arms and can constrict up to eight enemies at once.


Message History

The grasping roots constrict the orc knight.
The roots release their grip on the orc knight.
You hit the orc knight. You drain the orc knight. You grab the orc knight.
You squeeze the orc knight.
The orc knight is almost dead.
You constrict the orc knight, but do no damage.
The orc knight hits you with a +0 war axe!!
* * * LOW HITPOINT WARNING * * *
You hit the orc knight but do no damage.
You drain the orc knight.
You squeeze the orc knight, but do no damage.
The orc knight is almost dead.
You constrict the orc knight. You hit the orc knight.
You kill the orc knight!
Okawaru is honoured by your kill.
Your base Fighting skill increases to level 7!
Your Invocations skill increases to level 2!
You have reached level 10!
You feel agile.
Aiming: Fastroot
Press: ? - help, Shift-Dir - straight line, f - orc warrior
Aim: an orc warrior, wielding a +0 broad axe, wearing a +0 ring mail and quivering stones (strong)
The roots erupt in riotous growth!
Roots grab the orc warrior.
The grasping roots constrict the orc warrior.
You hear a shout!
The orc warrior struggles to escape constriction.
The grasping roots constrict the orc warrior.
The roots release their grip on the orc warrior.
The orc warrior completely misses you.
You hit the orc warrior but do no damage.
You drain the orc warrior. Your grab misses the orc warrior.
The orc warrior is heavily wounded.
The orc warrior misses you.
You hit the orc warrior but do no damage.
Your grab misses the orc warrior. Your squeeze misses the orc warrior.
The orc warrior is heavily wounded.
The orc warrior hits you with a +0 broad axe!!
You die...

#..÷# ####..÷####
##~....)..~##
#~~.......~~#####
.~~.......~~....#
#~~.......~~###.#
.~~....)..~~....#
#~~.......~~###.#
.~~....@..~~....#
#~~....o..~~###.#
.~~.......~~....#
#~~.......~~###.#
.~~.......~~....#
#~~.......~~#####
##~.......~##
####'''####
#.....


You could see an orc warrior (strong, drained).

Vanquished Creatures
  An orc knight (Bailey)
  Grinder (D:4)
  5 yaks
  A water moccasin (D:5)
  A black bear (D:4)
  An orc warrior (D:6)
  An ice beast (D:6)
  3 phantoms
  3 kobold brigands (Bailey)
  4 scorpions
  2 howler monkeys
  A quasit (D:4)
  A gnoll bouda (D:7)
  5 hounds
  2 jellies
  An orc priest (D:4)
  Jessica (D:2)
  5 iguanas
  Natasha (thrice) (D:3)
  4 orc wizards
  A mummy (D:5)
  Robin (D:3)
  10 gnolls
  8 adders
  5 shadow imps
  7 white imps
  3 ufetubi
  5 worms
  3 dart slugs
  13 orcs
  4 endoplasms
  4 giant cockroaches
  13 goblins
  13 hobgoblins
  9 jackals (D:1)
  4 quokkas
  9 ball pythons
  4 frilled lizards
  19 kobolds
  A rat (D:1)
182 creatures vanquished.

Vanquished Creatures (others)
  4 demonic plants (D:4)
  A plant (D:1)
5 creatures vanquished.

Grand Total: 187 creatures vanquished

Notes
Turn   | Place    | Note
-------+----------+-------------------------------------------
     0 | D:1      | sizableburger the Octopode Warper began the quest for the
                  | Orb.
     0 | D:1      | Reached XP level 1. HP: 14/14 MP: 3/3
   139 | D:1      | Reached XP level 2. HP: 15/20 MP: 5/5
   235 | D:1      | Noticed a golden eye
   237 | D:1      | Found a faded altar of an unknown god.
   239 | D:1      | Noticed a golden eye
   251 | D:1      | Noticed a floating eye
   254 | D:1      | Noticed a shining eye
   544 | D:1      | Reached XP level 3. HP: 25/25 MP: 6/6
   747 | D:1      | Learned a level 2 spell: Blink
  1213 | D:2      | Reached skill level 3 in Long Blades
  1524 | D:2      | Noticed Jessica
  1531 | D:2      | Killed Jessica
  1532 | D:2      | Reached XP level 4. HP: 19/31 MP: 7/7
  2382 | D:3      | Reached XP level 5. HP: 26/36 MP: 8/8
  2490 | D:3      | Found a basalt altar of Yredelemnul.
  2523 | D:3      | Noticed Natasha
  2528 | D:3      | Killed Natasha
  2529 | D:3      | Reached skill level 4 in Long Blades
  2661 | D:3      | Noticed Natasha
  2676 | D:3      | Killed Natasha
  3185 | D:3      | Noticed Robin
  3192 | D:3      | Killed Robin
  3273 | D:3      | Found a transporter.
  3273 | D:3      | Noticed a kobold demonologist
  3293 | D:3      | Noticed Natasha
  3302 | D:3      | Killed Natasha
  3303 | D:3      | Reached XP level 6. HP: 42/42 MP: 9/9
  3314 | D:3      | Found a transporter.
  3953 | D:4      | Reached skill level 5 in Long Blades
  4109 | D:4      | Noticed a black bear
  4117 | D:4      | Killed a black bear
  4118 | D:4      | Reached XP level 7. HP: 45/48 MP: 10/10
  4260 | D:4      | Noticed Grinder
  4268 | D:4      | Paralysed by Grinder for 3 turns
  4270 | D:4      | HP: 2/48 [constriction (1)]
  4284 | D:4      | HP: 2/48 [ball python (3)]
  4285 | D:5      | Entered Level 5 of the Dungeon
  4594 | D:4      | Killed Grinder
  4595 | D:4      | Reached skill level 6 in Long Blades
  4643 | D:4      | Reached skill level 7 in Long Blades
  5033 | D:4      | Reached XP level 8. HP: 13/54 MP: 11/11
  5277 | D:4      | Found a sparkling altar of Nemelex Xobeh.
  5279 | D:4      | Found a glowing golden altar of the Shining One.
  6008 | D:5      | Found a snail-covered altar of Cheibriados.
  7905 | D:6      | Reached skill level 5 in Fighting
  7905 | D:6      | Reached skill level 5 in Dodging
  8143 | D:6      | Found a staircase to the Ecumenical Temple.
  8154 | Temple   | Entered the Ecumenical Temple
  8273 | D:6      | Noticed a yak
  8278 | D:6      | Noticed a yak
  8318 | D:5      | Killed a yak
  8515 | D:5      | Learned a level 3 spell: Teleport Other
  8917 | D:6      | Reached XP level 9. HP: 55/61 MP: 12/12
  9087 | D:6      | Reached skill level 5 in Translocations
  9397 | D:5      | Learned a level 3 spell: Gell's Gravitas
  9640 | D:6      | Reached skill level 8 in Long Blades
  9853 | Temple   | Became a worshipper of Warmaster Okawaru
 10444 | D:6      | Reached * piety under Okawaru
 10733 | D:7      | Found a flagged portal.
 10738 | Bailey   | Entered a bailey
 10834 | Bailey   | Reached skill level 1 in Short Blades
 10838 | Bailey   | Reached skill level 1 in Invocations
 11209 | Bailey   | Noticed an orc knight
 11232 | Bailey   | Killed an orc knight
 11232 | Bailey   | Reached ** piety under Okawaru
 11233 | Bailey   | Reached XP level 10. HP: 18/71 MP: 13/13
 11236 | Bailey   | Slain by an orc warrior

Illustrated notes

Levels and vault maps discovered:
D:1:      amcnicky_arrival_single_pillar, layout_rooms, serial_forest,
          infiniplex_forest_clump_C, infiniplex_forest_lined_ring,
          infiniplex_forest_straight_2, infiniplex_forest_clump_tiny,
          infiniplex_forest_clump_tiny, infiniplex_forest_lined_corner,
          hellmonk_ecumenical_altar_watching_god
D:2:      layout_basic, minmay_misc_feat_tiny, uniq_jessica
D:3:      gammafunk_wand_slinger, layout_basic, nicolae_overflow_crystal_walls,
          uniq_natasha, uniq_robin
D:4:      layout_loops_corners, chequers_temple_overflow_statue_of_worship,
          serial_demonic, serial_demonic_d, serial_demonic_b, serial_demonic_a,
          serial_demonic_g, minmay_strange_pillars, uniq_grinder
D:5:      layout_loops_corners, slow_altar_2,
          nicolae_concentric_dashed_squares_mild
D:6:      layout_basic, minmay_temple_entry_tees
D:7:      layout_cave_pools, nicolae_ashenzari_skybound, minitemple,
          enter_bailey_3
Temple:   nicolae_temple_ecumenical_triangle
Bailey:   bailey_axe_3, bailey

Skill      XL: |  1  2  3  4  5  6  7  8  9 |
---------------+----------------------------+-----
Fighting       | 3 4 5 7 |  7.1
Long Blades    | 3 4 5 7 8 |  8.2
Dodging        | 3 4 5 6 |  6.7
Translocations | 4 6 |  6.1
Short Blades   | 1 |  1.6
Invocations    | 2 |  2.4
Throwing       | |  1.9
Spellcasting   | |  2.0

Action                   |  1- 3 |  4- 6 |  7- 9 | 10-12 || total
-------------------------+-------+-------+-------+-------++-------
Melee: Falchion          |    80 |     2 |     7 |       ||    89
       Constrict         |    24 |    29 |    52 |       ||   105
       Tentacles         |    13 |    26 |    94 |       ||   133
       Short sword       |       |   120 |   330 |     2 ||   452
       Punch             |       |     1 |     7 |       ||     8
Throw: Boomerang         |       |     3 |     5 |       ||     8
 Cast: Blink             |       |     1 |     6 |       ||     7
       Teleport Other    |       |       |     3 |       ||     3
       Gell's Gravitas   |       |       |     4 |       ||     4
Invok: Heroism           |       |       |     1 |       ||     1
Evoke: Wand              |       |       |     6 |     1 ||     7
  Use: Scroll            |       |     1 |    15 |       ||    16
 Stab: Sleeping          |     6 |     5 |     8 |       ||    19
Armor: Skin              |     7 |     3 |    15 |       ||    25
Dodge: Dodged            |    52 |    68 |   222 |     2 ||   344
